 Dungeon Crawl Stone Soup version 0.14-a0-736-g2a71271 (webtiles) character file.

308 Malachi the Ruffian (level 5, -3/41 HPs)
             Began as a Draconian Transmuter on Nov 7, 2013.
             Slain by Sigmund
             ... wielding a +0,+0 scythe
              (9 damage)
             ... on Level 3 of the Dungeon.
             The game lasted 00:05:31 (3220 turns).

Malachi the Ruffian (Draconian Transmuter)          Turns: 3220, Time: 00:05:32

HP  -3/41        AC  5     Str 18      XL: 5   Next: 15%
MP   1/7         EV 12     Int 14      God:
Gold 151         SH  0     Dex 11      Spells:  3 memorised,  2 levels left

Res.Fire  : . . .   See Invis. : .     - Unarmed
Res.Cold  : . . .   Warding    : .   (armour unavailable)
Life Prot.: . . .   Conserve   : .   (no shield)
Res.Poison: .       Res.Corr.  : .   (helmet restricted)
Res.Elec. : .       Clarity    : .   (no cloak)
Sust.Abil.: . .     Spirit.Shd : .   (no gloves)
Res.Mut.  : .       Stasis     : .   (no boots)
Res.Rott. : .       Flight     : .   (no amulet)
Saprovore : . . .                    (no ring)
                                     (no ring)

@: confused, mighty, very slightly contaminated, slightly resistant to hostile
enchantments, very unstealthy
A: unfitting armour, AC +5
a: no special abilities


You were on level 3 of the Dungeon.
You were very hungry.

You visited 1 branch of the dungeon, and saw 3 of its levels.
You also visited: Sewer.

You collected 151 gold pieces.

Inventory:

Missiles
 b - 10 arrows
Comestibles
 a - a bread ration
 j - 4 meat rations
 p - a rotting chunk of adder flesh
Scrolls
 c - 6 scrolls of identify
 f - 2 scrolls of remove curse {unknown}
 g - 5 scrolls of teleportation {unknown}
 h - a scroll of amnesia {unknown}
 i - a scroll of blinking {unknown}
 k - a scroll of fog {unknown}
 l - a scroll of enchant weapon II {unknown}
 n - a scroll of enchant armour {unknown}
 o - a scroll of enchant weapon I {unknown}
Jewellery
 m - an uncursed ring of ice
Potions
 e - a potion of heal wounds
 r - a potion of restore abilities
Books
 d - a book of Changes

   Spells                             Type                      Level
   *Beastly Appendage                 Transmutation                1
   *Sticks to Snakes                  Transmutation                2
   *Spider Form                       Transmutation/Poison         3
   Ice Form                           Ice/Transmutation            4
   Blade Hands                        Transmutation                5


   Skills:
 + Level 1.8 Fighting
 + Level 2.9 Dodging
 + Level 4.3 Unarmed Combat
 - Level 2.2 Spellcasting
 * Level 2.6 Transmutations
 * Level 1.1 Poison Magic


You had 2 spell levels left.
You knew the following spells:

 Your Spells              Type           Power        Failure   Level  Hunger
a - Beastly Appendage     Trmt           #.....       10%         1    #......
b - Sticks to Snakes      Trmt           #.........   14%         2    ###....
c - Spider Form           Trmt/Pois      #.........   38%         3    ####...


Dungeon Overview and Level Annotations

Branches:
Dungeon (3/27)

Altars:

Annotations:
D:3 Sigmund


Message History

[Y]es or [N]o only, please.
Are you sure you want to stumble around while confused and next to your ball python?
Okay, then.
Unknown command.
It hits you!
Are you sure you want to stumble around while confused and next to your ball python? [Y]es or [N]o only, please.
Are you sure you want to stumble around while confused and next to your ball python?
Okay, then.
Unknown command.
It hits you!
* * * LOW HITPOINT WARNING * * *
It hits you.
* * * LOW HITPOINT WARNING * * *
Your ball python withers and dies!
Sigmund appears from thin air!
Reactivating autopickup.
Your ball python closely misses Sigmund.
Your ball python barely misses Sigmund.
Sigmund hits you with a scythe!
You die...

##############
#######............#
#.....#.##########.#
#.....#.#........#.#
#.....#.#.######.#.#####...
#.....#.#.#....#.#.##... ...
#.....#.#.#.##@#.#.##.##.....
#.......#.#.#S@#.#...........
#.....#.#.#.#[.#.#.##.##..>..
#.......#.#.####.#.....@......
#.....#.#@#......#.##...##.##
#.....#.#.########.##...#
#..####.........@..##...# #..#
###############...# #..# #...#
##..# ########### #...#


You could see Sigmund and a friendly ball python.

Vanquished Creatures
  Jessica (D:3)
  6 adders
  4 giant mites
  A worm (D:3)
  5 bats
  A bat skeleton (D:3)
  2 giant cockroaches
  10 goblins
  5 hobgoblins
  5 ball pythons
  2 giant geckos (D:3)
  9 giant newts
  A hobgoblin skeleton (D:3)
  4 kobolds
  5 rats
61 creatures vanquished.

Notes
Turn   | Place    | Note
--------------------------------------------------------------
     0 | D:1      | Malachi, the Draconian Transmuter, began the quest for the Orb.
     0 | D:1      | Reached XP level 1. HP: 16/16 MP: 1/1
   211 | D:1      | Reached XP level 2. HP: 21/23 MP: 0/3
   639 | D:2      | Learned a level 2 spell: Sticks to Snakes
   703 | D:2      | Reached XP level 3. HP: 4/28 MP: 4/4
  1069 | D:2      | Learned a level 3 spell: Spider Form
  1823 | D:3      | Noticed Jessica
  1840 | D:3      | Killed Jessica
  1840 | D:3      | Reached skill level 4 in Unarmed Combat
  1840 | D:3      | Reached XP level 4. HP: 32/35 MP: 6/6
  1970 | D:3      | Found a glowing drain.
  2220 | Sewer    | Entered a sewer
  2526 | Sewer    | Reached skill level 1 in Poison Magic
  2884 | Sewer    | Reached XP level 5. HP: 30/41 MP: 5/7
  3135 | D:3      | Noticed Sigmund
  3220 | D:3      | Slain by Sigmund

Action                   |  1- 3 |  4- 6 || total
-------------------------+-------+-------++-------
Melee: Unarmed           |   134 |   128 ||   262
 Cast: Beastly Appendage |    10 |     7 ||    17
       Sticks to Snakes  |       |     2 ||     2
  Use: Potion            |       |     8 ||     8
       Scroll            |       |     2 ||     2
